AoeStats
← Maurizio il Brocco

Arabia

510102634Analyzed
2v2 RM · 21h ago on Sep 29, 2026· 38m 34s· 4 players
Game mode
Random Map
Map size
Medium (4 player)
Population
200
Speed
Normal
Resources
Standard
Victory
Conquest
Starting age
Dark Age
Ending age
Imperial Age
RankedLock teamsTeams togetherTeam positionsShared explorationLock speedFull tech treeHidden civsTurbo modeCheats
Victory
Defeat
🇨🇴 Goths · Colombia
997
+16
🇨🇱 Khmer · Chile
968
+17
🇮🇹 Ethiopians · Italy
997
-17
🇺🇸 Georgians · United States
975
-16
Yogurtu Mghe
2:21 Loom
10:15 Feudal Age
10:21 Man-at-Arms
19:04 Castle Age
18:02 Bloodlines
18:11 Double-Bit Axe
23:31 Scale Barding Armor
26:36 Forging
28:08 Wheelbarrow
28:02 Husbandry
28:08 Horse Collar
29:43 Heavy Plow
30:32 Iron Casting
30:28 Hand Cart
30:26 Fletching
30:07 Pikeman
31:35 Chain Barding Armor
31:59 Scale Mail Armor
36:44 Imperial Age
34:32 Bodkin Arrow
36:00 Anarchy
36:16 Chain Mail Armor
36:10 Squires
39:09 Blast Furnace
Gwyn
11:23 Feudal Age
11:35 Loom
14:46 Castle Age
13:35 Double-Bit Axe
14:38 Gold Mining
14:43 Horse Collar
15:42 Bow Saw
34:56 Heavy Plow
39:02 Gold Shaft Mining
39:07 Wheelbarrow
connlind
3:26 Loom
10:50 Feudal Age
16:18 Castle Age
26:23 Scale Barding Armor
26:30 Forging
28:57 Bloodlines
28:47 Husbandry
29:51 Fletching
31:06 Iron Casting
31:21 Husbandry
32:58 Stone Mining
33:29 Double-Bit Axe
33:38 Gold Mining
35:19 Wheelbarrow
34:47 Town Watch
Maurizio il Brocco
6:18 Loom
8:45 Feudal Age
13:26 Double-Bit Axe
19:46 Fletching
24:37 Man-at-Arms
28:18 Gold Mining
30:43 Castle Age
29:21 Scale Mail Armor
30:21 Padded Archer Armor
30:53 Crossbowman
32:29 Leather Archer Armor
Connection lost

Rejoining the realm…

Still unreachable

The connection could not be restored.

Session expired

The server has moved on; the page needs a fresh start.